Map: Vaani Research Station (Void)

Players

Fropez - Winner!

  • Race: Protoss Protoss
  • League: Gold
  • Spawn Location: 6:00

Spuderman

  • Race: Terran Terran
  • League: Gold
  • Spawn Location: 12:00

VOD

Have the link to the VOD?

Description

Time

  • Played on: Dec. 31, 2016, 7:57 p.m.
  • Length: 14:22
Show
View Real Time Build Order
Export as new Build Order

Fropez Protoss - Winner!

Build Orders: 1 Gate Expand 

Get SALT Encoding   

  12  0:00  Probe (Chrono Boost)  
  13  0:11  Probe (Chrono Boost)  
  14  0:21  Pylon  
  14  0:23  Probe (Chrono Boost)  
  15  0:39  Probe (Chrono Boost)  
  15  0:41  Gateway  
  16  0:49  Probe (Chrono Boost)  
  17  0:50  Assimilator  
  17  1:00  Probe (Chrono Boost)  
  18  1:10  Probe (Chrono Boost)  
  19  1:21  Probe (Chrono Boost)  
  20  1:30  Nexus  
  20  1:32  Probe (Chrono Boost)  
  20  1:46  Cybernetics Core  
  20  1:48  Probe (Chrono Boost)  
  21  1:59  Probe (Chrono Boost)  
  22  2:02  Pylon  
  22  2:09  Probe (Chrono Boost)  
  22  2:14  Warp Gate  
  23  2:18  Assimilator  
  23  2:19  Pylon  
  23  2:23  Stalker  
  25  2:35  Mothership Core (Chrono Boost)  
  27  2:52  Probe (Chrono Boost), Gateway  
  27  2:58  Probe (Chrono Boost)  
  29  3:03  Probe (Chrono Boost)  
  30  3:10  Probe (Chrono Boost)  
  31  3:13  Probe (Chrono Boost)  
  32  3:22  Probe (Chrono Boost)  
  33  3:29  Nexus  
  33  3:32  Probe (Chrono Boost)  
  34  3:40  Probe (Chrono Boost)  
  35  3:49  Probe (Chrono Boost)  
  35  3:51  Assimilator  
  37  3:57  Probe (Chrono Boost)  
  37  4:01  Pylon  
  37  4:04  Twilight Council  
  37  4:06  Probe (Chrono Boost)  
  37  4:09  Probe (Chrono Boost)  
  39  4:17  Probe (Chrono Boost)  
  39  4:21  Pylon, Probe (Chrono Boost)  
  41  4:25  Pylon  
  41  4:28  Probe (Chrono Boost), Stalker x2  
  46  4:32  Blink  
  46  4:33  Probe (Chrono Boost)  
  47  4:38  Probe (Chrono Boost)  
  49  4:45  Probe (Chrono Boost)  
  49  4:49  Probe (Chrono Boost), Gateway  
  50  4:58  Assimilator  
  50  4:59  Stalker x2  
  54  5:09  Dark Shrine  
  54  5:13  Forge  
  54  5:15  Forge  
  54  5:21  Probe x2 (Chrono Boost)  
  56  5:22  Forge  
  56  5:23  Probe (Chrono Boost)  
  57  5:32  Stalker x2  
  57  5:33  Probe (Chrono Boost)  
  58  5:36  Protoss Ground Weapons Level 1, Protoss Ground Armor Level 1  
  47  5:52  Stalker  
  47  5:58  Stalker  
  47  6:08  Stalker  
  43  6:21  Dark Templar  
  45  6:25  Protoss Shields Level 1  
  47  6:33  Resonating Glaives, Probe (Chrono Boost)  
  47  6:34  Probe (Chrono Boost)  
  47  6:37  Probe (Chrono Boost)  
  48  6:43  Probe (Chrono Boost)  
  48  6:44  Stalker x2  
  48  6:45  Gateway  
  53  6:51  Probe x2 (Chrono Boost)  
  53  6:54  Gateway  
  55  6:56  Pylon, Dark Templar  
  57  7:05  Gateway  
  57  7:07  Probe (Chrono Boost)  
  59  7:08  Probe (Chrono Boost)  
  59  7:11  Photon Cannon  
  59  7:14  Probe (Chrono Boost)  
  60  7:20  Probe (Chrono Boost)  
  60  7:22  Pylon  
  61  7:41  Stalker x2  
  61  7:42  Stalker  
  70  7:44  Probe x3 (Chrono Boost)  
  70  7:50  Pylon  
  70  7:54  Pylon  
  70  7:58  Mothership Core (Chrono Boost)  
  72  8:11  Dark Templar x4  
  74  8:55  Stalker x5  
  78  9:27  Probe x2 (Chrono Boost)  
  80  9:32  Stalker x3  
  86  9:46  Pylon  
  86  9:47  Nexus  
  86  9:49  Nexus, Assimilator, Pylon  
  86  9:51  Assimilator  
  86  9:52  Pylon  
  86  9:53  Pylon  
  86  9:54  Assimilator  
  86  9:55  Assimilator  
  86  9:58  Pylon  
  86  9:59  Pylon x2  
  86  10:02  Pylon  
  86  10:05  Pylon, Probe (Chrono Boost)  
  83  10:20  Stalker x6  
  91  10:25  Gateway  
  85  11:05  Stalker x6  
  97  11:18  Probe (Chrono Boost)  
  97  11:19  Probe (Chrono Boost)  
  99  11:32  Gateway  
  99  11:33  Gateway, Stalker x2  
  99  11:34  Stalker  
  99  11:35  Gateway  
  99  11:37  Gateway  
  99  11:39  Stalker  
  105  12:02  Stalker x6  
  117  12:25  Dark Shrine  
  117  12:28  Robotics Facility  
  117  12:29  Gateway  
  117  12:31  Probe x3 (Chrono Boost), Gateway  
  117  12:32  Probe (Chrono Boost)  
  121  12:45  Stalker x6  
  121  12:46  Stalker  
  135  12:57  Stalker x3  
  138  13:23  Stalker x2  
  142  13:30  Nexus  
  142  13:34  Warp Prism, Probe (Chrono Boost)  
  145  13:42  Stalker x4  
  153  14:01  Forge, Probe x2 (Chrono Boost)  
  153  14:02  Forge  
  155  14:03  Pylon  
  155  14:04  Forge  
Show
View Real Time Build Order
Export as new Build Order

Spuderman Terran 

Build Orders:  

Get SALT Encoding   

  12  0:01  SCV  
  13  0:14  SCV  
  14  0:21  Supply Depot  
  14  0:26  SCV  
  15  0:30  Refinery  
  15  0:44  Barracks  
  15  0:46  SCV  
  16  0:58  SCV  
  17  1:10  SCV  
  18  1:16  Supply Depot  
  18  1:22  SCV  
  19  1:34  SCV  
  19  1:39  Barracks  
  20  1:40  Marine  
  20  1:47  SCV  
  22  1:48  Refinery  
  22  2:03  Orbital Command  
  22  2:08  Barracks Reactor  
  21  2:27  Barracks Tech Lab  
  21  2:29  Factory  
  21  2:34  SCV  
  22  2:44  Marine x2  
  22  2:46  Marauder  
  22  2:48  Stimpack  
  26  3:02  SCV  
  27  3:07  Marine x2, Supply Depot  
  27  3:09  Marauder  
  31  3:16  Factory Reactor  
  31  3:20  Starport  
  31  3:29  Marine x2  
  33  3:34  Supply Depot  
  33  3:42  SCV  
  33  3:44  Marine  
  35  3:48  Marine x2  
  37  4:02  Marine  
  37  4:06  Medivac x2  
  42  4:13  Engineering Bay  
  42  4:19  Marine  
  42  4:23  Widow Mine  
  45  4:28  Marine  
  46  4:40  Supply Depot  
  46  4:54  Missile Turret  
  46  5:02  Marauder  
  48  5:17  Command Center  
  40  6:26  Liberator  
  38  6:33  Medivac  
  38  6:38  Orbital Command  
  42  6:44  Factory Tech Lab  
  43  6:50  SCV  
  43  6:51  Barracks  
  43  6:53  Marine, Concussive Shells, Barracks  
  43  6:54  Marauder  
  47  7:03  SCV  
  47  7:07  Siege Tank  
  51  7:08  Medivac  
  51  7:15  SCV x2, Marauder  
  57  7:27  SCV x2  
  57  7:28  Missile Turret  
  59  7:37  Marauder  
  61  7:38  Marine  
  61  7:39  Marine x2, SCV, Siege Tank  
  68  7:45  Barracks Reactor  
  68  7:56  Marine x2  
  70  8:00  Barracks Reactor  
  70  8:06  Missile Turret  
  70  8:18  Supply Depot  
  70  9:10  Marine x4, Marauder  
  57  9:32  Marauder  
  57  9:35  Missile Turret  
  59  9:44  SCV x2, Refinery  
  59  9:45  Refinery  
  61  9:46  Command Center, Medivac  
  61  9:47  Marine, Medivac  
  66  9:53  Marauder  
  66  9:56  SCV x2  
  70  10:13  SCV x2  
  69  10:25  SCV  
  70  10:33  Marine  
  70  10:34  SCV  
  69  10:36  Marauder  
  69  10:37  Marine  
  69  10:38  SCV  
  69  10:46  SCV  
  70  10:50  SCV  
  69  10:58  SCV, Marauder  
  69  11:02  SCV  
  68  11:14  Marine, Supply Depot, Missile Turret  
  68  11:17  Orbital Command  
  68  11:18  SCV  
  70  11:19  Marauder  
  70  11:20  Marine, Missile Turret  
  70  11:23  Marine  
  74  11:30  Marine x2, Starport  
  76  11:35  Siege Tank  
  76  11:36  Barracks  
  79  11:41  Marine, Marauder, Factory  
  79  11:42  Marine  
  83  11:49  Marine  
  83  11:51  Supply Depot, Command Center  
  84  12:00  Marine, Liberator x2  
  80  12:01  Marine  
  80  12:02  Marauder  
  83  12:13  Siege Tank  
  83  12:14  Supply Depot  
  86  12:18  SCV  
  93  12:36  Marauder  
  93  12:37  Supply Depot  
  95  12:47  Starport Tech Lab  
  95  12:57  Marauder  
  97  13:04  Orbital Command  
  97  13:08  Marine  
  97  13:09  Raven  
  100  13:19  Marauder  
  102  13:39  Siege Tank  
  102  13:40  Factory Tech Lab, Marauder  
Tags
 
Add a new tag
Caveats
  • Supply blocks, unpowered buildings, or Contaminate may cause inaccurate times.
  • Supply counts are checked every 10 seconds.